 Dungeon Crawl Stone Soup version 0.22-a0-93-g6b88ebb (webtiles) character file.

175450 KristoblXynda the Peltast (level 17, -8/148 HPs)
             Began as a Pale Draconian Gladiator on Jan 25, 2018.
             Was the Champion of Ashenzari.
             Killed from afar by a nagaraja (12 damage)
             ... with a poison arrow
             ... on level 4 of the Snake Pit.
             The game lasted 01:44:41 (42577 turns).

KristoblXynda the Peltast (DrGl)                   Turns: 42577, Time: 01:44:42

Health: -8/148     AC: 24    Str: 21    XL:     17   Next: 47%
Magic:  29/33      EV: 24    Int: 15    God:    Ashenzari [******]
Gold:   2648       SH: 16    Dex: 17    Spells: 28/41 levels left

rFire    . . .     SeeInvis +     - Unarmed
rCold    . . .     Gourm    .   z - +1 shield (curse)
rNeg     + . .     Faith    .   (armour unavailable)
rPois    .         Spirit   .   L - +2 hat {SInv} (curse)
rElec    .         Reflect  .   e - +2 cloak {+Inv} (curse)
rCorr    .         Harm     .   D - +1 pair of gloves {archery} (curse)
MR       ++...     Clarity  +   f - +2 pair of boots of the Assassin {Detection Stab+ Stlth++} (curse)
Stlth    +++++++...             M - amulet of Yqijur {RegenMP Dex+4} (curse)
HPRegen  1.34/turn              n - ring of wizardry (curse)
MPRegen  0.48/turn              T - ring "Polox" {rN+ AC+5} (curse)

@: lethally poisoned (-8 -> -40), regenerating, studying Shields
A: breathe steam, unfitting armour, magic resistance 1, strong 2, cold-blooded,
AC +9
a: Breathe Steam, Curse Item, Scrying, Transfer Knowledge, Renounce Religion,
Evoke Invisibility


You were on level 4 of the Snake Pit.
You worshipped Ashenzari.
Ashenzari was exalted by your worship.
You were hungry.

You visited 7 branches of the dungeon, and saw 30 of its levels.
You visited the Abyss 1 time.
You also visited: Labyrinth, Bailey, Ice Cave and Volcano.

You collected 3766 gold pieces.
You spent 1118 gold pieces at shops.

Inventory:

Missiles
 b - 3 throwing nets (quivered)
Armour
 e - a cursed +2 cloak of invisibility (worn)
 f - the cursed +2 pair of boots of the Assassin (worn) {Detection Stab+ Stlth++}
   (You acquired it on level 14 of the Dungeon)

   It makes you much more stealthy.
   It has a curse placed upon it.
 z - a cursed +1 shield (worn)
 D - a cursed +1 pair of gloves of archery (worn)
 L - a cursed +2 hat of see invisible (worn)
Jewellery
 n - a cursed ring of wizardry (left hand)
 x - a +5 ring of intelligence
 M - the cursed amulet of Yqijur (around neck) {RegenMP Dex+4}
   (You found it on level 12 of the Dungeon)

   [amulet of magic regeneration]

   It increases your magic regeneration.
   It affects your dexterity (+4).
   It has a curse placed upon it.
 N - an uncursed ring of resist corrosion
 T - the cursed ring "Polox" (right hand) {rN+ AC+5}
   (You found it on level 13 of the Dungeon)

   [ring of protection]

   It affects your AC (+5).
   It protects you from negative energy.
   It has a curse placed upon it.
Wands
 i - a wand of paralysis (34)
 p - a wand of digging (25)
 t - a wand of disintegration (12)
 y - a wand of iceblast (18)
 A - a wand of acid (3)
 J - a wand of scattershot (4)
Scrolls
 a - 3 scrolls of silence
 g - 8 scrolls of fog
 j - 2 scrolls of enchant armour
 k - 10 scrolls of remove curse
 m - 5 scrolls of teleportation
 o - 6 scrolls of immolation
 r - 11 scrolls of identify
 O - 2 scrolls of blinking
Potions
 d - 9 potions of magic
 l - 2 potions of brilliance
 q - 5 potions of agility
 s - 2 potions of flight
 v - 5 potions of might
 B - a potion of cancellation
 E - 3 potions of resistance
 F - 6 potions of haste
 I - a potion of mutation
Books
 C - a manual of Shields
 P - a book of Necromancy

   Spells                             Type                      Level
   a - Pain                           Necromancy                   1
   b - Animate Skeleton               Necromancy                   1
   c - Vampiric Draining              Necromancy                   3
   d - Regeneration                   Charms/Necromancy            3
   e - Animate Dead                   Necromancy                   4
Miscellaneous
 h - a fan of gales (inert)
 G - a crystal ball of energy
 U - a lamp of fire
Comestibles
 c - a ration


   Skills:
 + Level 12.9 Fighting
 - Level 3.1 Throwing
 - Level 11.0(15.2) Dodging
 - Level 5.6(10.1) Stealth
 + Level 15.5(18.1) Shields
 + Level 15.2 Unarmed Combat
 + Level 12.9 Spellcasting
 - Level 4.6(9.0) Conjurations
 - Level 5.6(10.1) Ice Magic
 - Level 7.5(12.0) Air Magic
 - Level 10.0(14.3) Evocations


You had 28 spell levels left.
You knew the following spells:

 Your Spells              Type           Power        Failure   Level  Hunger
a - Regeneration          Chrm/Necr      ##........   6%          3    None
b - Petrify               Tmut/Erth      ##......     21%         4    ##.....
c - Freezing Cloud        Conj/Ice/Air   #####.....   6%          6    ######.


Dungeon Overview and Level Annotations

Branches:
Dungeon (15/15)            Temple (1/1) D:5            Lair (6/6) D:8
 Shoals (0/4) Lair:4        Snake (4/4) Lair:4        Slime (0/5) Lair:6
    Orc (2/2) D:12            Elf (1/3) Orc:2        Vaults (0/5) D:13
 Depths (1/5) D:15

Altars:
Ashenzari
Cheibriados
Dithmenos
Elyvilon
Fedhas
Gozag
Hepliaklqana
Kikubaaqudgha
Makhleb
Nemelex Xobeh
Okawaru
Qazlal
Ru
Sif Muna
Trog
Uskayaw
Vehumet
Wu Jian
Xom
Yredelemnul
Zin
The Shining One
Beogh
Jiyva

Shops:
D:6 ?   D:10 }(   D:11 (   Orc:2 =(*[   Snake:1 }   Depths:1 (


Innate Abilities, Weirdness & Mutations

You can breathe blasts of scalding, opaque steam.
Your pale cyan-grey scales are hard. (AC +9)
You cannot fit into any form of body armour.
You are cold-blooded and may be slowed by cold attacks.
You are resistant to hostile enchantments. (MR+)
Your muscles are very strong. (Str +4)


Message History

You feel very sick. The naga spits poison at you.
The splash of poison misses you.
The nagaraja is engulfed in freezing vapours.
Casting: Regeneration
Confirm with . or Enter, or press ? or * to list all spells.
Your skin crawls.
You feel very sick. The naga spits poison at you.
You block the splash of poison.
The naga sharpshooter is engulfed in freezing vapours.
The naga sharpshooter mumbles some strange words.
The naga sharpshooter magically shoots a bolt.
The bolt hits you!!
* * * LOW HITPOINT WARNING * * *
The nagaraja is engulfed in freezing vapours.
The nagaraja points at you and mumbles some strange words.
The poison arrow hits you!
You are more poisoned.
You die...

,, ≈≈ , ##....N##...
*
.N≈≈≈≈≈.≈≈##..{.##.##
N≈≈≈NNN.≈≈ #.#.####..
,NN§§§§N≈ ##...## ###
*{§N§§§≈≈≈#.#.#.#
#§§N) * ##(..##
#§§§#* ###)).# #§†#
##....## #@.###....##
##(....#### ##...##
#####


You could see 2 nagarajas, 3 naga sharpshooters and 4 nagas.

Vanquished Creatures
  Saint Roka (Snake:4)
  Rupert (D:14)
  Gastronok (D:11)
  Frances (Snake:2)
  6 nagarajas
  Aizul (Snake:4)
  An orc warlord (Orc:2)
  A caustic shrike zombie (D:15)
  2 dire elephants (Lair:6)
  A fire dragon (Volcano)
  A minotaur (Lab)
  Erolcha (D:9)
  7 naga warriors
  Fannar (Lair:2)
  8 anacondas
  A catoblepas (Lair:6)
  7 hydras
  3 centaur warriors
  7 two-headed ogres
  5 dancing weapons
  A death knight (D:13)
  An ogre mage (D:12)
  12 death yaks (Lair:6)
  4 orc high priests (Orc:2)
  8 naga sharpshooters
  2 hell knights (D:13)
  11 shock serpents
  3 salamander mystics
  2 skeletal warriors
  11 sea snakes (Snake:4)
  Pikel (D:9)
  4 unseen horrors
  A naga ritualist (Snake:1)
  A flayed ghost (D:15)
  The ghost of Ripsaw the Cleaver, a novice DDFi of Makhleb (D:5)
  3 necromancers
  5 orc knights
  4 mana vipers
  A phantasmal warrior (D:13)
  7 orc sorcerers
  6 deep elf magi
  13 elephants
  9 ugly things
  20 salamanders
  2 manticores
  Maurice (D:13)
  An ice statue (IceCv)
  7 guardian serpents
  10 naga magi
  16 black mambas
  A merfolk siren (Lair:4)
  Joseph (D:8)
  12 spiny frogs
  A yaktaur zombie (D:15)
  11 freezing wraiths
  8 komodo dragons
  A kobold demonologist (D:13)
  An efreet (D:15)
  A tengu conjurer (D:12)
  7 trolls
  A merfolk (Lair:4)
  Prince Ribbit (D:7)
  Grinder (D:6)
  A hornet (D:9)
  8 blink frogs
  8 slime creatures
  13 hippogriffs
  A fire dragon zombie (D:15)
  5 dream sheep (Lair:4)
  Sigmund (D:6)
  A spriggan (shapeshifter) (D:11)
  3 shadows
  A spriggan skeleton (D:15)
  A vampire (D:14)
  24 yaks
  A basilisk (D:9)
  2 wraiths
  8 wyverns
  13 fire bats (Volcano)
  4 hungry ghosts
  A small abomination (Abyss:2)
  A steam dragon (Lair:3)
  Menkaure (D:7)
  7 wargs
  36 nagas
  7 hell hounds (D:13)
  11 water moccasins
  10 porcupines
  46 orc warriors
  5 sky beasts
  2 black bears
  11 ice beasts
  4 phantoms
  A necrophage (D:5)
  15 ogres
  12 wolves
  15 centaurs
  20 crocodiles
  2 big kobolds
  17 bullfrogs
  4 scorpions
  A troll zombie (D:12)
  An elephant simulacrum (IceCv)
  13 killer bees
  2 electric eels (Lair:3)
  4 howler monkeys
  7 crimson imps
  5 draconian simulacra (IceCv)
  2 centaur zombies
  4 hounds
  7 jellies
  5 centaur skeletons
  23 orc priests
  A bullfrog skeleton (D:4)
  2 iguanas
  18 orc wizards
  6 hell rats (Lair:3)
  10 worker ants
  A polar bear simulacrum (IceCv)
  4 troll simulacra (IceCv)
  2 wolf simulacra (IceCv)
  A killer bee zombie (D:9)
  7 ogre zombies (D:12)
  3 centaur simulacra (IceCv)
  A hound skeleton (D:6)
  2 worker ant zombies
  8 gnolls
  12 adders
  6 naga simulacra (IceCv)
  2 ogre simulacra (IceCv)
  2 shadow imps
  12 white imps (IceCv)
  5 oozes (D:8)
  An adder skeleton (D:7)
  6 worms
  5 dart slugs
  7 leopard geckos
  90 orcs
  5 giant cockroaches
  10 goblins
  4 hobgoblins (D:3)
  15 jackals
  10 kobolds
  6 quokkas
  6 bats
  2 frilled lizards
  2 goblin skeletons (D:12)
  3 goblin zombies (D:12)
  A hobgoblin skeleton (D:12)
  3 hobgoblin zombies (D:12)
  A leopard gecko zombie (D:7)
  An orc skeleton (D:12)
  15 orc zombies (D:12)
  A quokka skeleton (D:6)
  3 rats
  4 plants
975 creatures vanquished.

Vanquished Creatures (others)
  An orc warrior (Orc:2)
  An orc wizard (Orc:2)
  An orc (D:6)
  41 fungi
  14 plants
58 creatures vanquished.

Grand Total: 1033 creatures vanquished

Notes
Turn   | Place    | Note
-------+----------+-------------------------------------------
     0 | D:1      | KristoblXynda the Draconian Gladiator began the quest for the Orb.
     0 | D:1      | Reached XP level 1. HP: 17/17 MP: 1/1
   286 | D:1      | Reached XP level 2. HP: 15/24 MP: 2/2
   811 | D:2      | Reached XP level 3. HP: 29/29 MP: 3/3
  1024 | D:2      | Found a faded altar of an unknown god.
  1153 | D:2      | Reached XP level 4. HP: 29/36 MP: 4/4
  1927 | D:3      | Found an ancient bone altar of Kikubaaqudgha.
  2006 | D:3      | Reached XP level 5. HP: 41/41 MP: 5/5
  2710 | D:4      | Reached skill level 5 in Unarmed Combat
  2710 | D:4      | Reached XP level 6. HP: 50/50 MP: 6/6
  2991 | D:4      | Found a stormy altar of Qazlal.
  3263 | D:4      | Your scales start taking on a pale cyan-grey colour.
  3263 | D:4      | Reached XP level 7. HP: 48/58 MP: 7/7
  3297 | D:4      | Gained mutation: Your mind is acute. (Int +2) [potion of mutation]
  3297 | D:4      | Gained mutation: You have supernaturally acute eyesight. (SInv) [potion of mutation]
  3297 | D:4      | Gained mutation: You are agile. (Dex +2) [potion of mutation]
  3561 | D:5      | Entered Level 5 of the Dungeon
  3789 | D:5      | Noticed Ripsaw's ghost (novice DDFi)
  3810 | D:5      | Killed Ripsaw's ghost
  3810 | D:5      | Reached skill level 5 in Fighting
  3810 | D:5      | Reached skill level 5 in Dodging
  3810 | D:5      | Reached XP level 8. HP: 32/68 MP: 8/8
  4052 | D:5      | Found a burning altar of Makhleb.
  4086 | D:5      | Found a white marble altar of Elyvilon.
  4235 | D:5      | Found a staircase to the Ecumenical Temple.
  4853 | D:6      | Found Niyfrouz's Magic Scroll Shoppe.
  4873 | D:6      | Bought a scroll of teleportation for 39 gold pieces
  4873 | D:6      | Bought a scroll of identify for 26 gold pieces
  4982 | D:6      | Reached XP level 9. HP: 71/75 MP: 9/9
  5176 | D:6      | Noticed Sigmund
  5182 | D:6      | Killed Sigmund
  5182 | D:6      | Reached skill level 1 in Evocations
  5184 | D:6      | Noticed Grinder
  5186 | D:6      | Paralysed by Grinder for 3 turns
  5199 | D:6      | Paralysed by Grinder for 3 turns
  5206 | D:6      | Killed Grinder
  5544 | D:7      | Noticed a seven-headed hydra
  5546 | D:7      | Noticed a tengu warrior
  5548 | D:7      | Noticed a manticore
  5874 | Temple   | Entered the Ecumenical Temple
  6040 | Temple   | Became a worshipper of Ashenzari the Shackled
  6083 | D:7      | Noticed Menkaure
  6100 | D:7      | Killed Menkaure
  6107 | D:7      | Reached skill level 10 in Unarmed Combat
  6161 | D:7      | Killed a seven-headed hydra
  6167 | D:7      | Reached XP level 10. HP: 34/83 MP: 8/13
  6535 | D:7      | Found a runed door.
  6535 | D:7      | Found a runed door.
  6867 | D:7      | Killed a manticore
  7006 | D:7      | Found an opulent altar of Gozag.
  7290 | D:7      | Noticed Prince Ribbit
  7299 | D:7      | Killed Prince Ribbit
  7310 | D:7      | Found a shadowy altar of Dithmenos.
  7321 | D:7      | Reached skill level 5 in Evocations
  7523 | D:8      | Reached skill level 1 in Shields
  8380 | D:8      | Noticed Joseph
  8402 | D:8      | Killed Joseph
  8586 | D:8      | Found a staircase to the Lair.
  8820 | D:9      | Noticed a two-headed ogre
  8839 | D:9      | Killed a two-headed ogre
  8839 | D:9      | Reached XP level 11. HP: 64/89 MP: 11/15
  9107 | D:9      | Noticed Erolcha
  9109 | D:9      | Noticed a green ugly thing
  9120 | D:9      | Killed a green ugly thing
  9449 | D:9      | Paralysed by a hornet for 2 turns
  9760 | D:9      | Killed Erolcha
  9988 | D:9      | Reached * piety under Ashenzari
 10123 | D:9      | Noticed Pikel
 10126 | D:9      | Found a sparkling altar of Nemelex Xobeh.
 10131 | D:9      | Killed Pikel
 10362 | D:10     | Entered Level 10 of the Dungeon
 10391 | D:10     | Found Aheuve's Gadget Shoppe.
 10439 | D:10     | Noticed a two-headed ogre
 10451 | D:10     | Killed a two-headed ogre
 10618 | D:10     | Found Uffusm's Antique Weapon Shop.
 11040 | D:10     | Lost mutation: You are agile. (Dex +2) [potion of mutation]
 11040 | D:10     | Lost mutation: You have supernaturally acute eyesight. (SInv) [potion of mutation]
 11040 | D:10     | Lost mutation: Your mind is acute. (Int +2) [potion of mutation]
 11040 | D:10     | Gained mutation: You are resistant to hostile enchantments. (MR+) [potion of mutation]
 11040 | D:10     | Gained mutation: Your muscles are strong. (Str +2) [potion of mutation]
 11040 | D:10     | Gained mutation: Your muscles are very strong. (Str +4) [potion of mutation]
 11150 | D:10     | Noticed a two-headed ogre
 11166 | D:10     | Killed a two-headed ogre
 11166 | D:10     | Reached skill level 5 in Shields
 11561 | D:11     | Found Faatu's Weapon Emporium.
 11634 | D:11     | Killed an unseen horror
 12103 | D:11     | Noticed Gastronok
 12114 | D:11     | Killed Gastronok
 12114 | D:11     | Reached XP level 12. HP: 97/97 MP: 16/18
 12302 | D:12     | Identified the amulet of Yqijur {RegenMP Dex+4}
 12302 | D:12     | Identified the ring of the Nightingale {*Tele rElec rF+}
 12302 | D:12     | Noticed a six-headed hydra
 12308 | D:12     | Noticed an ogre mage
 12474 | D:12     | Killed an ogre mage
 12477 | D:12     | Noticed a two-headed ogre
 12485 | D:12     | Noticed a two-headed ogre
 12923 | D:11     | Killed a two-headed ogre
 13208 | D:12     | Killed a six-headed hydra
 13213 | D:12     | Killed a two-headed ogre
 13226 | D:12     | Identified the Catalogue of Ignition and the Frostbite
 13370 | D:12     | Reached ** piety under Ashenzari
 13408 | D:12     | Learned a level 3 spell: Mephitic Cloud
 13675 | D:12     | Found a staircase to the Orcish Mines.
 13689 | D:12     | Reached skill level 10 in Dodging
 13689 | D:12     | Reached skill level 1 in Spellcasting
 14987 | D:13     | Noticed Maurice
 14993 | D:13     | Killed Maurice
 15080 | D:13     | Found a gate to the Vaults.
 15087 | D:13     | Reached XP level 13. HP: 110/110 MP: 19/19
 15650 | D:13     | Identified the ring "Polox" {rN+ AC+5}
 16404 | D:14     | Noticed Rupert
 16691 | D:14     | Killed Rupert
 16986 | D:14     | Identified a scroll of acquirement
 17000 | D:14     | Found the cursed +2 pair of boots of the Assassin {Detection Stab+ Stlth++}
 17243 | D:14     | Reached skill level 5 in Spellcasting
 17415 | D:14     | Reached skill level 10 in Fighting
 17484 | D:14     | Reached skill level 1 in Conjurations
 17507 | D:14     | Reached *** piety under Ashenzari
 18413 | D:15     | Entered Level 15 of the Dungeon
 18654 | D:15     | Found a staircase to the Depths.
 18667 | D:15     | Reached skill level 1 in Stealth
 19433 | D:15     | Reached XP level 14. HP: 118/121 MP: 24/24
 20333 | Depths:1 | Entered Level 1 of the Depths
 20335 | Depths:1 | Found Cel Ostru's Antique Weapon Shoppe.
 20349 | Depths:1 | Noticed a stone giant
 20361 | Depths:1 | Cast into level 2 of the Abyss (a wizard)
 20364 | Abyss:2  | Reached **** piety under Ashenzari
 20400 | Abyss:2  | Identified the amulet of the Priest {Harm *Drain +Inv rC+}
 20442 | Depths:1 | Escaped the Abyss
 20627 | Lair:1   | Entered Level 1 of the Lair of Beasts
 20645 | Lair:1   | Learned a level 4 spell: Petrify
 20975 | Lair:1   | Reached skill level 10 in Shields
 21903 | Lair:2   | Noticed Fannar
 21933 | Lair:2   | Killed Fannar
 22017 | Lair:2   | Reached ***** piety under Ashenzari
 22125 | Lair:2   | Reached skill level 1 in Air Magic
 22625 | Lair:3   | Found a labyrinth entrance.
 22634 | Lab      | Entered a labyrinth
 23048 | Lair:3   | Found a frozen archway.
 23057 | IceCv    | Entered an ice cave
 23352 | IceCv    | Found an ancient bone altar of Kikubaaqudgha.
 25095 | Lair:4   | Found a staircase to the Shoals.
 25389 | Lair:4   | Found a staircase to the Snake Pit.
 25781 | Lair:5   | Reached ****** piety under Ashenzari
 25809 | Lair:5   | Reached skill level 10 in Evocations
 26493 | Lair:6   | Entered Level 6 of the Lair of Beasts
 26555 | Lair:6   | Reached skill level 10 in Spellcasting
 26555 | Lair:6   | Reached XP level 15. HP: 88/126 MP: 27/29
 26675 | Lair:6   | Found a dark tunnel.
 26683 | Volcano  | Entered a volcano
 26928 | Volcano  | Learned a level 6 spell: Freezing Cloud
 27694 | Lair:6   | Identified the ring "Aratidim" {*Tele *Corrode +Inv MP+9 Dex+8}
 28117 | Lair:6   | Found a viscous altar of Jiyva.
 28700 | Lair:6   | Found a staircase to the Slime Pits.
 29126 | Lair:6   | Identified the ring "Koanlusu" {rCorr Str+6 Stlth-}
 29804 | Orc:1    | Entered Level 1 of the Orcish Mines
 29850 | Orc:1    | Found a flagged portal.
 29868 | Bailey   | Entered a bailey
 30463 | Orc:1    | Found a roughly hewn altar of Beogh.
 31094 | Orc:2    | Entered Level 2 of the Orcish Mines
 31162 | Orc:2    | Found a staircase to the Elven Halls.
 31273 | Orc:2    | Noticed an orc warlord
 31412 | Orc:2    | Killed an orc warlord
 31759 | Orc:2    | Found Ynlenin's Antique Armour Boutique.
 31767 | Orc:2    | Bought a pair of embroidered gloves for 270 gold pieces
 31767 | Orc:2    | Bought a pair of runed gloves for 270 gold pieces
 31820 | Orc:2    | Reached skill level 15 in Unarmed Combat
 32112 | Orc:2    | Found Xyczorest's General Store.
 32133 | Orc:2    | Found Tyobuaf's Antique Weapon Shoppe.
 32171 | Orc:2    | Reached XP level 16. HP: 71/136 MP: 32/32
 32218 | Orc:2    | Found Genar's Jewellery Emporium.
 32586 | Orc:2    | Found a roughly hewn altar of Beogh.
 32607 | Orc:2    | Bought the ring of Omuemn Okimn {Int+7 SInv} for 513 gold pieces
 32944 | Elf:1    | Entered Level 1 of the Elven Halls
 33049 | Elf:1    | Reached skill level 1 in Ice Magic
 33545 | Snake:1  | Entered Level 1 of the Snake Pit
 33848 | Snake:1  | Found Piucirei's Gadget Boutique.
 34906 | Snake:1  | Reached skill level 5 in Air Magic
 34932 | Snake:1  | Reached skill level 5 in Stealth
 36004 | Snake:2  | Noticed Frances
 36016 | Snake:2  | Killed Frances
 38674 | Snake:3  | Learned a level 3 spell: Regeneration
 38680 | Snake:4  | Entered Level 4 of the Snake Pit
 38818 | Snake:4  | Noticed Saint Roka
 38874 | Snake:4  | Killed Saint Roka
 38882 | Snake:4  | Reached skill level 5 in Ice Magic
 38936 | Snake:4  | Noticed Aizul
 38959 | Snake:4  | HP: 10/208 [poisoned by Aizul (bolt of poison)]
 38960 | Snake:4  | Killed Aizul
 38963 | Snake:4  | HP: 4/139 [poisoned by Aizul (bolt of poison)]
 39583 | Snake:4  | Reached XP level 17. HP: 68/146 MP: 31/33
 40632 | Snake:4  | HP: 7/148 [poisoned by a nagaraja (poison arrow)]
 40642 | Snake:4  | HP: 7/148 [poisoned by a nagaraja (poison arrow)]
 41209 | Snake:4  | Reached skill level 15 in Shields
 42577 | Snake:4  | HP: 4/148 [naga sharpshooter/bolt (18)]
 42577 | Snake:4  | Killed from afar by a nagaraja

Vault maps used:
D:1:      minmay_arrival_loop
D:2:      chequers_ecumenical_altar_grove
D:3:      overflow_temple_1_default
D:4:      first_ration, nicolae_qazlal_general_emergency
D:5:      elyvilon_altar_4, minmay_temple_entry_from_below_a, basic_altar
D:6:      serial_shops, shop_coins, palyth_stone_intersect, uniq_grinder,
          uniq_sigmund
D:7:      minmay_the_grid_four_pointed_star, nicolae_gozag_seed_capital,
          basic_altar, uniq_menkaure, uniq_prince_ribbit1
D:8:      david_lair_shrubbed, hangedman_little_slice_of_home,
          minmay_misc_feat_enclosed, st_stairs_11, eino_jars, uniq_joseph
D:9:      nemelex_xobeh_ov_fountains_minmay, kennysheep_kite_vault, uniq_pikel,
          uniq_erolcha
D:10:     serial_shops, shop_fountains, nicolae_shop_crystal,
          columned_hall_lemuel
D:11:     serial_shops, nicolae_shop_stone, st_stairs_7, uniq_gastronok
D:12:     minmay_ambush_box, zombieorc2_lemuel, minmay_stone_trees_small
D:13:     erik_vaults_1, minmay_rotating_lava, uniq_maurice
D:14:     roderic_serpentine_path, uniq_rupert
D:15:     gammafunk_depths_entry_grave, serial_park_tiny_pond,
          hangedman_abyss_or_decor_passed, nicolae_sextant, serial_park_tiny_1,
          solitary_fountain
Temple:   regret_index_temple_mists
Lair:1:   minivault_19, st_stairs_9
Lair:2:   eino_small_chamber_without_monster, beast_lair_carwin_1, uniq_fannar
Lair:3:   portal_ice_cave_entry_pillars_2, lab_entry_generic,
          serial_bayou_lake_a
Lair:4:   elwin_shoals_entry_rooms, guppyfry_snake_entry_garden,
          lemuel_fruit_tree
Lair:6:   due_jungle_book, slime_altar_1, nicolae_volcano_entry_lava_flow,
          st_stairs_10, grunt_megastairs_3
Snake:1:  cheibrodos_snake_lava_hold, serial_shops, shop
Snake:2:  uniq_frances
Snake:3:  serial_bayou_shore_b
Snake:4:  grunt_snake_rune_pools, uniq_aizul, uniq_saint_roka
Orc:1:    basic_altar, enter_bailey_7
Orc:2:    grunt_orc_gardens, grunt_orc_garden, grunt_orc_garden,
          grunt_orc_garden, grunt_orc_garden, basic_altar
Elf:1:    orc_legates, chequers_big_river, hangedman_elven_ridges
Depths:1: pf_coc_iceberg, grunt_decor_arrowhead, serial_shops, shop,
          nicolae_shop_temple_entry_statues_fountains, shop,
          minmay_misc_feat_roman, kennysheep_generic_room_11
Bailey:   bailey_polearm_flooded_kennysheep, bailey
IceCv:    ice_cave_small_necro
Volcano:  pf_volcano_lost_world

Skill      XL: |  1  2  3  4  5  6  7  8  9 10 11 12 13 14 15 16 17 |
---------------+----------------------------------------------------+-----
Throwing       | 2 3 |  3.1
Dodging        | 3 4 5 6 7 8 9 10 11 | 11.0
Unarmed Combat | 4 5 7 8 10 11 13 15 | 15.2
Fighting       | 3 5 6 8 10 12 | 12.9
Evocations     | 4 6 8 9 10 | 10.0
Shields        | 3 5 7 9 10 13 14 15 | 15.5
Spellcasting   | 2 6 10 12 | 12.9
Conjurations   | 3 4 |  4.6
Stealth        | 2 3 5 |  5.6
Air Magic      | 3 7 |  7.5
Ice Magic      | 5 |  5.6

Action                   |  1- 3 |  4- 6 |  7- 9 | 10-12 | 13-15 | 16-18 || total
-------------------------+-------+-------+-------+-------+-------+-------++-------
Melee: Unarmed           |   138 |   220 |   229 |   750 |  1993 |   778 ||  4108
       Tailslap          |    19 |    25 |    40 |   121 |   402 |   162 ||   769
       Punch             |     2 |     7 |    12 |     5 |       |       ||    26
Throw: Throwing net      |       |       |       |     1 |       |       ||     1
 Cast: Regeneration      |       |       |       |       |       |    12 ||    12
       Freezing Cloud    |       |       |       |       |       |     3 ||     3
Invok: Curse Item        |       |       |     2 |     3 |     2 |       ||     7
       Scrying           |       |       |       |       |     1 |       ||     1
 Abil: Breathe Steam     |       |       |    16 |    37 |    42 |    11 ||   106
       Evoke Invisibilit |       |       |       |       |     3 |     1 ||     4
Evoke: Wand              |       |     4 |     6 |    13 |    38 |    26 ||    87
       Fan of gales      |       |       |       |       |     1 |     2 ||     3
       Lamp of fire      |       |       |       |       |     1 |     1 ||     2
  Use: Potion            |       |     3 |     2 |     3 |     6 |    12 ||    26
       Scroll            |       |       |    13 |    14 |    24 |     5 ||    56
 Stab: Sleeping          |     2 |     1 |       |     2 |    40 |    19 ||    64
       Distracted        |       |     1 |       |       |     4 |     4 ||     9
       Paralysed         |       |       |       |    11 |     3 |       ||    14
       Invisible         |       |       |       |       |    14 |     8 ||    22
  Eat: Chunk             |     1 |     6 |     1 |    19 |    19 |     9 ||    55
       Ration            |       |       |     3 |     6 |    13 |     7 ||    29
Armor: Skin              |    47 |    71 |    59 |   155 |   398 |    93 ||   823
Dodge: Dodged            |    92 |   121 |   173 |   345 |  1201 |   402 ||  2334
Block: Shield            |       |       |       |   300 |  1419 |   545 ||  2264

Table legend:
 A = Spawn XP
 B = Non-spawn XP
 C = Spawn XP percentage of total XP
 D = Spawn monster count
 E = Non-spawn monster count
 F = Spawn count percentage of total count
 G = Total turns spent on level
                    A         B        C        D         E        F      G
               +---------+---------+-------+---------+---------+-------+---------
         Total |     186 |  250941 |   0.1 |       1 |     972 |   0.1 | 42577
               +---------+---------+-------+---------+---------+-------+---------
           D:1 |       0 |      29 |   0.0 |       0 |      12 |   0.0 |   707
           D:2 |       0 |      70 |   0.0 |       0 |      22 |   0.0 |   640
           D:3 |       0 |     104 |   0.0 |       0 |      27 |   0.0 |  1006
           D:4 |       0 |     587 |   0.0 |       0 |      25 |   0.0 |  1208
           D:5 |       0 |    1508 |   0.0 |       0 |      20 |   0.0 |   994
           D:6 |       0 |    1390 |   0.0 |       0 |      24 |   0.0 |  1041
           D:7 |       0 |    3348 |   0.0 |       0 |      26 |   0.0 |  1647
           D:8 |       0 |    2777 |   0.0 |       0 |      40 |   0.0 |  1482
           D:9 |       0 |    5466 |   0.0 |       0 |      37 |   0.0 |  1573
          D:10 |       0 |    3942 |   0.0 |       0 |      25 |   0.0 |  1221
          D:11 |       0 |    6798 |   0.0 |       0 |      18 |   0.0 |  1770
          D:12 |       0 |   10467 |   0.0 |       0 |      79 |   0.0 |  1863
          D:13 |       0 |   10831 |   0.0 |       0 |      28 |   0.0 |  1761
          D:14 |       0 |   11044 |   0.0 |       0 |      25 |   0.0 |  2203
          D:15 |       0 |   11506 |   0.0 |       0 |      22 |   0.0 |  1524
        Lair:1 |       0 |    6958 |   0.0 |       0 |      29 |   0.0 |  1107
        Lair:2 |       0 |    3737 |   0.0 |       0 |      14 |   0.0 |  1002
        Lair:3 |       0 |    1824 |   0.0 |       0 |      16 |   0.0 |   755
        Lair:4 |       0 |    4644 |   0.0 |       0 |      25 |   0.0 |   944
        Lair:5 |       0 |    5516 |   0.0 |       0 |      18 |   0.0 |  1120
        Lair:6 |       0 |   28743 |   0.0 |       0 |      57 |   0.0 |  1901
       Snake:1 |       0 |   16763 |   0.0 |       0 |      30 |   0.0 |  2410
       Snake:2 |       0 |   16872 |   0.0 |       0 |      30 |   0.0 |  1546
       Snake:3 |       0 |    9981 |   0.0 |       0 |      18 |   0.0 |  1816
       Snake:4 |       0 |   47159 |   0.0 |       0 |      72 |   0.0 |  3258
         Orc:1 |       0 |    1539 |   0.0 |       0 |      26 |   0.0 |   716
         Orc:2 |       0 |   15987 |   0.0 |       0 |      76 |   0.0 |  1861
         Elf:1 |       0 |    4284 |   0.0 |       0 |       6 |   0.0 |   339
       Abyss:2 |     186 |       0 | 100.0 |       1 |       0 | 100.0 |    81
           Lab |       0 |    1118 |   0.0 |       0 |       1 |   0.0 |   398
        Bailey |       0 |    2281 |   0.0 |       0 |      39 |   0.0 |   585
         IceCv |       0 |    6253 |   0.0 |       0 |      54 |   0.0 |  1056
       Volcano |       0 |    7415 |   0.0 |       0 |      31 |   0.0 |   820
               +---------+---------+-------+---------+---------+-------+---------
